 Dungeon Crawl Stone Soup version 0.21-a0-434-g806c6c2 (webtiles) character file.

31 torrenera the Skirmisher (level 3, 0/33 HPs)
             Began as a Hill Orc Fighter on Nov 8, 2017.
             Slain by an adder (3 damage)
             ... on level 2 of the Dungeon.
             The game lasted 00:01:31 (776 turns).

torrenera the Skirmisher (Hill Orc Fighter)          Turns: 776, Time: 00:01:32

Health: 0/33       AC:  9    Str: 19    XL:     3   Next: 22%
Magic:  3/3        EV:  5    Int:  8    God:
Gold:   36         SH:  9    Dex: 10    Spells: 2/2 levels left

rFire    . . .     SeeInvis .   a - +0 war axe
rCold    . . .     Gourm    .   c - +0 shield
rNeg     . . .     Faith    .   n - +0 chain mail
rPois    .         Spirit   .   (no helmet)
rElec    .         Reflect  .   (no cloak)
rCorr    .         Harm     .   (no gloves)
MR       .....                  (no boots)
Stlth    ..........             (no amulet)
HPRegen  0.11/turn              (no ring)
MPRegen  0.08/turn              (no ring)

@: no status effects
A: no striking features
a: no special abilities


You were on level 2 of the Dungeon.
You were not hungry.

You visited 1 branch of the dungeon, and saw 2 of its levels.

You collected 36 gold pieces.

Inventory:

Hand Weapons
 a - a +0 war axe (weapon)
Missiles
 i - 73 stones (quivered)
 l - 6 poisoned needles
Armour
 c - a +0 shield (worn)
 n - a +0 chain mail (worn)
Jewellery
 j - an uncursed amulet of faith {unknown}
Scrolls
 b - a scroll of magic mapping {unknown}
 e - 2 scrolls of remove curse {unknown}
Potions
 d - a potion of might
 k - a potion of ambrosia {unknown}
 m - a potion of lignification {unknown}
Comestibles
 f - a bread ration
 g - 3 chunks of flesh
 h - a meat ration


   Skills:
 + Level 4.2 Fighting
 * Level 4.2 Axes
 - Level 3.2 Armour
 - Level 3.2 Shields


You had 2 spell levels left.
You didn't know any spells.

Dungeon Overview and Level Annotations

Branches:
Dungeon (2/15)

Altars:


Message History

Your shield and chain mail prevent you from hitting the adder.
The adder is severely wounded.
The adder bites you but does no damage. You block the adder's attack.
You miss the adder.
The adder is severely wounded.
You feel sick. The adder bites you.
* * * LOW HITPOINT WARNING * * *
The adder bites you but does no damage.
You barely miss the adder.
The adder is severely wounded.
The adder bites you but does no damage. x2
You barely miss the adder.
The adder is severely wounded.
The adder bites you but does no damage.
You closely miss the adder.
The adder is severely wounded.
You feel sick.
You are no longer poisoned.
You block the adder's attack. The adder bites you.
You die...

## #.. .. #.###### ##.#
#......# .... #......+
... #......# #h$
#......# #h# #......#
#S# #.#.#### #@# #
#.#)######.##>...
#######.#...............
......#.########.##.#...
#.###.#.###### #.# #
#.................
####..#............
.<.....#########.#..
####.#.# #.#.##


You could see an adder and 2 jackals.

Vanquished Creatures
  An adder (D:2)
  A dart slug (D:1)
  A leopard gecko (D:1)
  3 goblins (D:1)
  3 hobgoblins
  4 kobolds (D:1)
  2 bats (D:1)
  A frilled lizard (D:1)
  3 rats (D:1)
19 creatures vanquished.

Notes
Turn   | Place    | Note
-------+----------+-------------------------------------------
     0 | D:1      | torrenera the Hill Orc Fighter began the quest for the Orb.
     0 | D:1      | Reached XP level 1. HP: 19/19 MP: 1/1
   382 | D:1      | Reached XP level 2. HP: 24/27 MP: 2/2
   752 | D:2      | Reached XP level 3. HP: 15/33 MP: 3/3
   776 | D:2      | Slain by an adder

Vault maps used:
D:1:      zaba_arrival_water
D:2:      lemuel_coloured_pillars_altar, guppyfry_early_orc_mine, uniq_jessica

Skill      XL: |  1  2 |
---------------+-------+-----
Axes           | 3 4 |  4.2
Fighting       | 4 |  4.2
Armour         | |  3.2
Shields        | |  3.2

Action                   || total
-------------------------++-------
Melee: War axe           ||   111
Armor: Scale mail        ||    34
       Chain mail        ||    38
Dodge: Dodged            ||    28
Block: Shield            ||    66

Table legend:
 A = Spawn XP
 B = Non-spawn XP
 C = Spawn XP percentage of total XP
 D = Spawn monster count
 E = Non-spawn monster count
 F = Spawn count percentage of total count
 G = Total turns spent on level
                    A         B        C        D         E        F      G
               +---------+---------+-------+---------+---------+-------+---------
         Total |       0 |      45 |   0.0 |       0 |      19 |   0.0 |   776
               +---------+---------+-------+---------+---------+-------+---------
           D:1 |       0 |      30 |   0.0 |       0 |      17 |   0.0 |   705
           D:2 |       0 |      15 |   0.0 |       0 |       2 |   0.0 |    71
               +---------+---------+-------+---------+---------+-------+---------
